 Dungeon Crawl Stone Soup version 0.17-a0-155-g14e20c2 (webtiles) character file.

186 karlm the Conjurer (level 5, -1/42 HPs)
             Began as a Naga Wizard on Mar 25, 2015.
             Killed by nerve-wracking pain
             ... invoked by Grinder
              (8 damage)
             ... in a sewer.
             The game lasted 00:11:48 (2732 turns).

karlm the Conjurer (Naga Wizard)                    Turns: 2732, Time: 00:11:48

Health: -1/42      AC:  8    Str: 10    XL:     5   Next: 66%
Magic:  4/11       EV:  7    Int: 19    God:
Gold:   152        SH:  0    Dex:  9    Spells: 4 memorised, 2 levels left

rFire  . . .     SeeInvis +     z - +0 blowgun
rCold  . . .     Clarity  .     a - +0 robe
rNeg   . . .     SustAb   .     (no shield)
rPois  +         Gourm    .     r - +0 helmet
rElec  .         Spirit   .     (no cloak)
rCorr  .         Warding  .     f - +0 pair of gloves
rMut   .         Stasis   .     e - +0 naga barding
MR     .....                    (no amulet)
Stlth  ++........               (no ring)
                                (no ring)

@: very slow, not resistant to hostile enchantments, unstealthy
A: spit poison, see invisible, deformed body, poison resistance, slowness 2, AC
+1
a: Spit Poison


You were in a sewer.
You were hungry.

You visited 1 branch of the dungeon, and saw 3 of its levels.
You also visited: Sewer.

You collected 152 gold pieces.

Inventory:

Hand weapons
 i - a +4 hand axe of electrocution
 l - a +0 hunting sling
 z - a +0 blowgun (weapon)
Missiles
 p - 73 stones
 x - 24 poisoned needles (quivered)
Armour
 a - a +0 robe (worn)
 b - a +0 hat
 e - a +0 naga barding (worn)
 f - a +0 pair of gloves (worn)
 r - a +0 helmet (worn)
Jewellery
 u - an uncursed ring of sustain abilities {unknown}
Magical devices
 A - a wand of slowing (12)
Scrolls
 s - a scroll of noise
 t - a scroll of identify
 v - a scroll of remove curse
 y - a scroll of teleportation
Potions
 h - 2 potions of curing {unknown}
 j - a potion of lignification {unknown}
 n - 2 potions of agility {unknown}
Books
 c - a book of Minor Magic

   Spells                             Type                      Level
   a - Magic Dart                     Conjuration                  1
   b - Blink                          Translocation                2
   c - Call Imp                       Summoning                    2
   d - Repel Missiles                 Charms/Air                   2
   e - Slow                           Hexes                        2
   f - Conjure Flame                  Conjuration/Fire             3
   g - Mephitic Cloud                 Conjuration/Poison/Air       3
Comestibles
 d - 2 bread rations
 g - a beef jerky
 k - 2 slices of pizza
 o - 3 fruits
 q - a royal jelly


   Skills:
 - Level 1.5 Dodging
 - Level 3.0 Stealth
 - Level 3.0 Spellcasting
 + Level 3.5 Conjurations
 * Level 3.3 Summonings
 - Level 1.0 Translocations
 * Level 1.9 Fire Magic


You had 2 spell levels left.
You knew the following spells:

 Your Spells              Type           Power        Failure   Level  Hunger
a - Magic Dart            Conj           ###.         4%          1    None
b - Call Imp              Summ           ###.....     8%          2    ##.....
c - Conjure Flame         Conj/Fire      ##......     17%         3    ###....
d - Blink                 Tloc           N/A          17%         2    ##.....


Dungeon Overview and Level Annotations

Branches:
Dungeon (3/15)

Altars:

Annotations:
Sewer Grinder


Innate Abilities, Weirdness & Mutations

You cannot wear boots.
You can spit poison.
Your serpentine skin is tough (AC +1).
You have supernaturally acute eyesight.
Armour fits poorly on your strangely shaped body.
Your system is resistant to poisons.
You cover ground very slowly.


Message History

Pain shoots through your body!
* * * LOW HITPOINT WARNING * * *
Your crimson imp blinks!
Your crimson imp disappears in a puff of smoke!
Grinder hits you.
* * * LOW HITPOINT WARNING * * *
You can move again.
Grinder gestures at you. Pain shoots through your body!
* * * LOW HITPOINT WARNING * * *
Grinder gestures at you.
You struggle to resist.
Firing (i - inventory. (,) - cycle):
x - 25 poisoned needles (quivered)
Press: ? - help, Shift-Dir - straight line, f/p - Grinder
Aim: Grinder (moderately wounded)
You shoot a poisoned needle. The poisoned needle hits Grinder!
Grinder is moderately wounded.
Grinder gestures at you. Pain shoots through your body!
You die...

#≈≈.# ≈≈≈≈≈≈≈≈)'))≈###5.K## #≈≈.#
≈≈≈≈≈≈≈≈≈≈≈.(#.≈≈##..§§§#
#≈≈.#≈≈≈≈≈≈≈≈≈≈≈≈≈≈.#5≈≈##.≈≈≈§#
#≈≈.#≈≈≈≈≈≈≈≈≈≈≈≈≈(.#5≈≈##..§..#
#≈≈.#≈≈≈≈≈≈≈≈≈≈≈≈≈..#.≈≈# #''§#
#≈≈.# ≈≈≈≈≈≈≈≈≈≈.(..#5§≈###5..##
##.#####≈#≈≈###≈#5####.###..§..##
#≈≈.#≈..........≈.≈≈#≈..#.....§.+
≈≈....≈≈≈≈≈≈≈≈≈≈@≈≈≈≈...'.§._...+
#≈≈.#≈............≈≈#≈..#.....§.+
##.####≈##≈##≈###.####.###..§..##
#≈≈.#≈≈≈≈≈≈≈≈≈≈≈≈...#.≈≈###...##
#≈≈.#≈≈≈≈≈≈≈≈≈≈≈≈≈..#.≈≈# #+++#
#≈≈.#≈≈≈≈≈≈≈≈≈≈≈≈≈≈.#.≈≈#
#≈≈.#≈≈≈≈≈≈≈≈≈≈≈≈≈≈.#.≈≈#
#≈≈.#≈≈≈≈≈≈≈≈≈≈≈≈≈≈.#..≈#
#≈≈.#≈≈≈≈≈≈≈≈≈≈≈≈≈≈.+.≈≈#


You could see Grinder.

Vanquished Creatures
  A big kobold zombie (Sewer)
  A gnoll (D:1)
  5 adders
  A shadow imp (Sewer)
  2 giant mites
  A worm (D:2)
  An ufetubus (Sewer)
  A giant gecko (D:1)
  3 giant cockroaches
  4 hobgoblins
  2 jackals (D:2)
  A ball python (D:1)
  4 bats
  4 giant newts
  7 goblins
  18 kobolds
  A kobold zombie (Sewer)
  4 rats
61 creatures vanquished.

Vanquished Creatures (collateral kills)
  A quasit (Sewer)
  An adder zombie (Sewer)
  A bat (Sewer)
  2 giant cockroaches (Sewer)
  A kobold zombie (Sewer)
6 creatures vanquished.

Vanquished Creatures (others)
  A white imp (Sewer)
1 creature vanquished.

Grand Total: 68 creatures vanquished

Notes
Turn   | Place    | Note
--------------------------------------------------------------
     0 | D:1      | karlm, the Naga Wizard, began the quest for the Orb.
     0 | D:1      | Reached XP level 1. HP: 15/15 MP: 4/4
   185 | D:1      | Reached XP level 2. HP: 22/22 MP: 0/6
   190 | D:1      | Learned a level 2 spell: Call Imp
   193 | D:1      | Learned a level 2 spell: Blink
   380 | D:1      | Reached XP level 3. HP: 28/28 MP: 5/7
  1486 | D:2      | Reached XP level 4. HP: 36/36 MP: 6/9
  1491 | D:2      | Learned a level 3 spell: Conjure Flame
  1948 | D:3      | Found a glowing drain.
  2006 | D:3      | Reached skill level 1 in Fire Magic
  2020 | Sewer    | Entered a sewer
  2087 | Sewer    | Reached XP level 5. HP: 42/42 MP: 7/11
  2484 | Sewer    | Found a burning altar of Makhleb.
  2609 | Sewer    | Noticed Grinder
  2725 | Sewer    | Paralysed by Grinder for 5 turns
  2732 | Sewer    | Killed from afar by Grinder

Action                   |  1- 3 |  4- 6 || total
-------------------------+-------+-------++-------
Melee: Hand axe          |     1 |    17 ||    18
 Fire: Blowgun           |       |     9 ||     9
 Cast: Magic Dart        |    58 |    61 ||   119
       Blink             |       |     2 ||     2
       Call Imp          |       |    10 ||    10
 Abil: Spit Poison       |    18 |    14 ||    32
  Use: Scroll            |       |     5 ||     5
 Stab: Sleeping          |       |     2 ||     2
  Eat: Chunk             |     3 |     4 ||     7
